PBL
LONDON MAJORS @ YORK REVOLUTION
06/23/2049
 
TOP OF THE 1ST
London Majors batting - Pitching for York Revolution : RHP Jordan Lopez
Pitching: RHP Jordan Lopez
Batting: SHB Mike Fermin 0-0: Swinging Strike
0-1: Ball
1-1: DOUBLE (Line Drive, 9LS, EV 99.4 MPH)
Batting: RHB Mike Vaughan 0-0: Called Strike
0-1: Foul Ball, location: 2F
0-2: Hit by Pitch
Batting: RHB Manny Corral 0-0: Ball
1-0: Ball
2-0: Swinging Strike
2-1: 3-RUN HOME RUN (Flyball, 7D, EV 96.9 MPH), Distance : 381 ft
Batting: RHB King Pinsent 0-0: Ball
1-0: Called Strike
1-1: Ball
2-1: Fly out, F8 (Flyball, 8RXD, EV 91.9 MPH)
Batting: RHB Carlos Viera 0-0: Called Strike
0-1: Ball
1-1: Ball
2-1: Called Strike
2-2: Strikes out looking
Batting: SHB Willie de Gracia 0-0: Foul Ball, location: 2F
0-1: Foul Ball, location: 2F
0-2: Ground out 5-3 (Groundball, 5S, EV 74.4 MPH)
Top of the 1st over - 3 runs, 2 hits, 0 errors, 0 left on base; London 3 - York 0
BOTTOM OF THE 1ST
York Revolution batting - Pitching for London Majors : LHP Adam Rea
Pitching: LHP Adam Rea
Batting: LHB Quincy Smart 0-0: Called Strike
0-1: Ball
1-1: Foul Ball, location: 2F
1-2: Fly out, F8 (Flyball, 8LD, EV 95.0 MPH)
Batting: LHB Mike Hawk 0-0: Called Strike
0-1: Ball
1-1: Ground out 4-3 (Groundball, 34D, EV 80.6 MPH)
Batting: RHB Juan Gonzalez 0-0: Ball
1-0: SINGLE (Line Drive, 7S, EV 86.2 MPH)
Batting: RHB Dan Shaffer 0-0: Ball
1-0: Ball
2-0: Fly out, F9 (Flyball, 9S, EV 83.8 MPH)
Bottom of the 1st over - 0 runs, 1 hit, 0 errors, 1 left on base; London 3 - York 0
TOP OF THE 2ND
London Majors batting - Pitching for York Revolution : RHP Jordan Lopez
Batting: SHB John Webb 0-0: Ball
1-0: Ground out U3 (Groundball, 34, EV 108.1 MPH)
Batting: LHB Danny Hamilton 0-0: Called Strike
0-1: Ball
1-1: SINGLE (Groundball, 34D, EV 95.6 MPH)
Batting: LHB Trevor Durbin 0-0: Foul Ball, location: 2F
0-1: Ball
1-1: Fly out, F7 (Flyball, 7LM, EV 94.4 MPH)
Batting: SHB Mike Fermin 0-0: Ball
1-0: Ball
2-0: Ground out 4-3 (Groundball, 4, EV 107.5 MPH)
Top of the 2nd over - 0 runs, 1 hit, 0 errors, 1 left on base; London 3 - York 0
BOTTOM OF THE 2ND
York Revolution batting - Pitching for London Majors : LHP Adam Rea
Batting: RHB Alexis Graciani 0-0: Ball
1-0: Fly out, F8 (Flyball, 8LD, EV 93.8 MPH)
Batting: LHB Cipto Pakpahan 0-0: Foul Ball, location: 2F
0-1: Called Strike
0-2: Foul Ball, location: 2F
0-2: SINGLE (Groundball, 4M, EV 106.2 MPH) (infield hit)
Batting: LHB Skyler Bright 0-0: Foul Ball, location: 2F
0-1: Fielders Choice at 2nd, 4-6 (Groundball, 4M, EV 85.0 MPH)
Batting: RHB Jonathan Steria 0-0: Ball
Skyler Bright is caught stealing 2nd base 2-4
Bottom of the 2nd over - 0 runs, 1 hit, 0 errors, 0 left on base; London 3 - York 0
TOP OF THE 3RD
London Majors batting - Pitching for York Revolution : RHP Jordan Lopez
Batting: RHB Mike Vaughan 0-0: Called Strike
0-1: Swinging Strike
0-2: Ball
1-2: Foul Ball, location: 2F
1-2: Ball
2-2: Foul Ball, location: 2F
2-2: Strikes out swinging
Batting: RHB Manny Corral 0-0: Ball
1-0: Foul Ball, location: 2F
1-1: SINGLE (Groundball, 34D, EV 96.2 MPH)
Batting: RHB King Pinsent 0-0: Foul Ball, location: 2F
0-1: Foul Ball, location: 2F
0-2: Ball
1-2: Strikes out swinging
Batting: RHB Carlos Viera 0-0: Foul Ball, location: 2F
0-1: Ball
Balk!
Manny Corral to second
1-1: Swinging Strike
1-2: Foul Ball, location: 2F
1-2: Fly out, F8 (Flyball, 78M, EV 79.4 MPH)
Top of the 3rd over - 0 runs, 1 hit, 0 errors, 1 left on base; London 3 - York 0
BOTTOM OF THE 3RD
York Revolution batting - Pitching for London Majors : LHP Adam Rea
Batting: RHB Jonathan Steria 0-0: Fly out, F8 (Line Drive, 8RD, EV 95.0 MPH)
Batting: RHB Tim Schell 0-0: Fly out, F8 (Flyball, 78D, EV 77.5 MPH)
Batting: LHB Quincy Smart 0-0: Foul Ball, location: 2F
0-1: Fly out, F7 (Flyball, 7LM, EV 97.5 MPH)
Bottom of the 3rd over - 0 runs, 0 hits, 0 errors, 0 left on base; London 3 - York 0
TOP OF THE 4TH
London Majors batting - Pitching for York Revolution : RHP Jordan Lopez
Batting: SHB Willie de Gracia 0-0: Called Strike
0-1: Foul Ball, location: 2F
0-2: Ball
1-2: Foul Ball, location: 2F
1-2: Ground out 6-3 (Groundball, 4M, EV 83.1 MPH)
Batting: SHB John Webb 0-0: Ball
1-0: Called Strike
1-1: Swinging Strike
1-2: Foul Ball, location: 2F
1-2: Foul Ball, location: 2F
1-2: Strikes out swinging
Batting: LHB Danny Hamilton 0-0: Fly out, F9 (Flyball, 89D, EV 84.4 MPH)
Top of the 4th over - 0 runs, 0 hits, 0 errors, 0 left on base; London 3 - York 0
BOTTOM OF THE 4TH
York Revolution batting - Pitching for London Majors : LHP Adam Rea
Batting: LHB Mike Hawk 0-0: Called Strike
0-1: Called Strike
0-2: Ball
1-2: Strikes out swinging
Batting: RHB Juan Gonzalez 0-0: Called Strike
0-1: Ball
1-1: Foul Ball, location: 2F
1-2: Ball
2-2: Ball
3-2: Strikes out swinging
Batting: RHB Dan Shaffer 0-0: Fly out, F9 (Flyball, 9, EV 93.8 MPH)
Bottom of the 4th over - 0 runs, 0 hits, 0 errors, 0 left on base; London 3 - York 0
TOP OF THE 5TH
London Majors batting - Pitching for York Revolution : RHP Jordan Lopez
Batting: LHB Trevor Durbin 0-0: Ball
1-0: Ball
2-0: Fly out, F8 (Flyball, 8LXD, EV 81.9 MPH)
Batting: SHB Mike Fermin 0-0: Foul Ball, location: 2F
0-1: Foul Ball, location: 2F
0-2: Ball
1-2: Foul Ball, location: 2F
1-2: SINGLE (Groundball, 4MD, EV 104.4 MPH)
Batting: RHB Mike Vaughan 0-0: Ball
Mike Fermin steals 2nd base
1-0: Foul Ball, location: 2F
1-1: Ball
2-1: DOUBLE (Flyball, 7LD, EV 105.0 MPH)
Mike Fermin scores
Batting: RHB Manny Corral 0-0: Called Strike
0-1: Called Strike
0-2: Strikes out swinging
Batting: RHB King Pinsent 0-0: Ball
1-0: Ball
Mike Vaughan steals 3rd base
2-0: Foul Ball, location: 2F
2-1: Foul Ball, location: 2F
2-2: 2-RUN HOME RUN (Flyball, 7D, EV 93.8 MPH), Distance : 363 ft
Pitching: RHP Nick Shumway
Batting: RHB Carlos Viera 0-0: Ground out 6-3 (Groundball, 6, EV 90.6 MPH)
Top of the 5th over - 3 runs, 3 hits, 0 errors, 0 left on base; London 6 - York 0
BOTTOM OF THE 5TH
York Revolution batting - Pitching for London Majors : LHP Adam Rea
Batting: RHB Alexis Graciani 0-0: Ball
1-0: Ball
2-0: Called Strike
2-1: Ball
3-1: Foul Ball, location: 2F
3-2: Fly out, F9 (Flyball, 9LS, EV 89.4 MPH)
Batting: LHB Cipto Pakpahan 0-0: Foul Ball, location: 2F
0-1: Ball
1-1: Ball
2-1: Ball
3-1: Base on Balls
Batting: LHB Skyler Bright 0-0: Ball
1-0: Fly out, F7 (Flyball, 78M, EV 89.4 MPH)
Batting: RHB Jonathan Steria 0-0: Foul Ball, location: 2F
0-1: Foul Ball, location: 2F
0-2: Ball
1-2: Ball
2-2: Strikes out swinging
Bottom of the 5th over - 0 runs, 0 hits, 0 errors, 1 left on base; London 6 - York 0
TOP OF THE 6TH
London Majors batting - Pitching for York Revolution : RHP Nick Shumway
Batting: SHB Willie de Gracia 0-0: Ball
1-0: Ball
2-0: Ball
3-0: Called Strike
3-1: Swinging Strike
3-2: Strikes out looking
Batting: SHB John Webb 0-0: Swinging Strike
0-1: Foul Ball, location: 2F
0-2: Foul Ball, location: 2F
0-2: Ball
1-2: Strikes out swinging
Batting: LHB Danny Hamilton 0-0: Ball
1-0: SOLO HOME RUN (Flyball, 89XD, EV 106.9 MPH), Distance : 420 ft
Batting: LHB Trevor Durbin 0-0: Called Strike
0-1: Foul Ball, location: 2F
0-2: Ball
1-2: Ball
2-2: Strikes out swinging
Top of the 6th over - 1 run, 1 hit, 0 errors, 0 left on base; London 7 - York 0
BOTTOM OF THE 6TH
York Revolution batting - Pitching for London Majors : LHP Adam Rea
Batting: RHB Tim Schell 0-0: Called Strike
0-1: Ball
1-1: Foul Ball, location: 2F
1-2: Foul Ball, location: 2F
1-2: Ball
2-2: Strikes out looking
Batting: LHB Quincy Smart 0-0: Fly out, F9 (Line Drive, 89M, EV 90.0 MPH)
Batting: LHB Mike Hawk 0-0: Ball
1-0: SINGLE (Line Drive, 4MD, EV 94.4 MPH)
Batting: RHB Juan Gonzalez 0-0: Ball
1-0: SINGLE (Line Drive, 4MD, EV 100.6 MPH)
Mike Hawk to second
Batting: RHB Dan Shaffer 0-0: Ball
1-0: Fly out, F4 (Popup, 4D, EV 70.6 MPH)
Bottom of the 6th over - 0 runs, 2 hits, 0 errors, 2 left on base; London 7 - York 0
TOP OF THE 7TH
London Majors batting - Pitching for York Revolution : RHP Nick Shumway
Batting: SHB Mike Fermin 0-0: Ball
1-0: Ball
2-0: Ball
3-0: Base on Balls
Batting: RHB Mike Vaughan 0-0: Ball
1-0: Called Strike
1-1: Swinging Strike
1-2: Ball
2-2: SINGLE (Groundball, 34D, EV 96.9 MPH)
Mike Fermin to second
Runner from 2nd tries for 3rd, SAFE, throw by RF made to third
Batting: RHB Manny Corral 0-0: Ball
1-0: Ball
2-0: Ball
3-0: Base on Balls
Mike Vaughan to second
Pitching: LHP Carlton Hookway
Batting: RHB King Pinsent 0-0: Called Strike
0-1: Foul Ball, location: 2F
0-2: Strikes out swinging
Batting: RHB Carlos Viera 0-0: Foul Ball, location: 2F
0-1: Ball
1-1: Ball
2-1: Ball
3-1: Called Strike
3-2: Strikes out swinging
Batting: SHB Willie de Gracia 0-0: Swinging Strike
0-1: Ball
1-1: Ball
Wild Pitch!
Mike Fermin scores
Mike Vaughan to third
Manny Corral to second
2-1: Foul Ball, location: 2F
2-2: Foul Ball, location: 2F
2-2: Ball
3-2: Base on Balls
Batting: SHB John Webb 0-0: Swinging Strike
0-1: Foul Ball, location: 2F
0-2: Strikes out looking
Top of the 7th over - 1 run, 1 hit, 0 errors, 3 left on base; London 8 - York 0
BOTTOM OF THE 7TH
York Revolution batting - Pitching for London Majors : LHP Adam Rea
Pinch Hitting: RHB Josh Jarvis 0-0: Called Strike
0-1: Ball
1-1: Swinging Strike
1-2: Strikes out swinging
Batting: LHB Cipto Pakpahan 0-0: Foul Ball, location: 2F
0-1: Called Strike
0-2: Strikes out looking
Batting: LHB Skyler Bright 0-0: Ball
1-0: Called Strike
1-1: Ball
2-1: Ball
3-1: Called Strike
3-2: Base on Balls
Pitching: LHP James Marker
Pinch Hitting: RHB Zach Walk 0-0: Called Strike
0-1: Called Strike
0-2: Hit by Pitch
Skyler Bright to second
Batting: RHB Tim Schell 0-0: Ball
1-0: Called Strike
1-1: Called Strike
1-2: Strikes out swinging
Bottom of the 7th over - 0 runs, 0 hits, 0 errors, 2 left on base; London 8 - York 0
TOP OF THE 8TH
London Majors batting - Pitching for York Revolution : LHP Carlton Hookway
Now at 1B: Josh Jarvis
Now in LF: Zach Walk
Batting: RHB Joy-shan Li 0-0: Ground out 6-3 (Groundball, 6, EV 104.4 MPH)
Pinch Hitting: LHB Salvador Ramos 0-0: Ball
1-0: Swinging Strike
1-1: Ball
2-1: Foul Ball, location: 2F
2-2: Foul Ball, location: 2F
2-2: Foul Ball, location: 2F
2-2: Strikes out looking
Batting: SHB Mike Fermin 0-0: Called Strike
0-1: Fly out, F7 (Flyball, 78M, EV 96.9 MPH)
Top of the 8th over - 0 runs, 0 hits, 0 errors, 0 left on base; London 8 - York 0
BOTTOM OF THE 8TH
York Revolution batting - Pitching for London Majors : LHP James Marker
Now in RF: Salvador Ramos
Batting: LHB Quincy Smart 0-0: Hit by Pitch
Pinch Runner at 1st Justin Crowder:
Batting: LHB Mike Hawk 0-0: Foul Ball, location: 2F
0-1: Swinging Strike
0-2: Foul Ball, location: 2F
0-2: Strikes out looking
Batting: RHB Juan Gonzalez 0-0: Ball
1-0: Called Strike
1-1: Foul Ball, location: 2F
1-2: Ball
2-2: Foul Ball, location: 2F
2-2: Strikes out swinging
Batting: RHB Dan Shaffer 0-0: Called Strike
0-1: Called Strike
0-2: Foul Ball, location: 2F
0-2: Ball
1-2: Ball
2-2: Reached on error, E6 (Groundball, 6, EV 106.2 MPH)
Justin Crowder to second
Batting: RHB Josh Jarvis 0-0: Fielders Choice at 2nd, 5-4 (Groundball, 5, EV 89.4 MPH)
Bottom of the 8th over - 0 runs, 0 hits, 1 error, 2 left on base; London 8 - York 0
TOP OF THE 9TH
London Majors batting - Pitching for York Revolution : LHP Carlton Hookway
Now at SS: Justin Crowder
Batting: RHB Mike Vaughan 0-0: Ball
1-0: DOUBLE (Line Drive, 9LS, EV 96.9 MPH)
Batting: RHB Manny Corral 0-0: Ball
1-0: Ball
2-0: Called Strike
2-1: Called Strike
2-2: Strikes out swinging
Pitching: RHP C.J. Dombrowski
Batting: RHB King Pinsent 0-0: Ground out 3-1 (Groundball, 34S, EV 85.6 MPH)
Mike Vaughan to third
Pinch Hitting: RHB Mel Bohorquez 0-0: Called Strike
0-1: Ball
1-1: Ball
2-1: Foul Ball, location: 2F
2-2: Foul Ball, location: 2F
2-2: DOUBLE (Line Drive, 89D, EV 112.5 MPH)
Mike Vaughan scores
Batting: SHB Willie de Gracia 0-0: Swinging Strike
0-1: Foul Ball, location: 2F
0-2: Strikes out swinging
Top of the 9th over - 1 run, 2 hits, 0 errors, 1 left on base; London 9 - York 0
BOTTOM OF THE 9TH
York Revolution batting - Pitching for London Majors : LHP James Marker
Pitching: RHP Mitsuaki Okazaki
Now at SS: Bill Hall
Batting: LHB Cipto Pakpahan 0-0: Called Strike
0-1: Called Strike
0-2: Ball
1-2: Ball
2-2: Strikes out swinging
Batting: LHB Skyler Bright 0-0: Ball
1-0: Called Strike
1-1: Foul Ball, location: 2F
1-2: Foul Ball, location: 2F
1-2: Ball
2-2: Strikes out looking
Batting: RHB Zach Walk 0-0: Called Strike
0-1: Ball
1-1: Called Strike
1-2: Strikes out swinging
Bottom of the 9th over - 0 runs, 0 hits, 0 errors, 0 left on base; London 9 - York 0
Sunday, July 16th , 2023 - OOTP Baseball 24.6 Build 69